[Event "Team 45 45 League T71"]
[Site "Internet Chess Club"]
[Date "2016.12.15"]
[Round "2"]
[White "Toalla"]
[Black "JRussell2"]
[Result "1/2-1/2"]
[WhiteElo "1255"]
[BlackElo "1385"]
[Opening "Hungarian defense"]
[ECO "C50"]
[Time "18:00:57"]
[TimeControl "2700+45"]

1. e4 e5 2. Nf3 Nc6 3. Bc4 Be7 4. h3 Nf6 5. d4 Nxd4 6. Bxf7+ Kxf7 7. Nxe5+ Ke8
8. Qxd4 d6 9. Nf3 c5 10. Qd3 h6 11. Nbd2 a6 12. O-O b5 13. c4 bxc4 14. Nxc4 Bb7
15. Ncd2 a5 16. Qe3 Qc7 17. b3 Kf8 18. Bb2 Kf7 19. Rfd1 Rhe8 20. Qc3 Kg8 21. Re1
Bf8 22. Qc2 Re7 23. Nh4 Rae8 24. Ng6 Re6 25. Nxf8 Kxf8 26. f3 Qb6 27. Kh1 Ba6
28. Bxf6 Rxf6 29. Nc4 Bxc4 30. Qxc4 Rfe6 31. Rad1 Qc7 32. Rd5 Qb6 33. Red1 Qb4
34. Rf5+ Ke7 35. Qxb4 axb4 36. Rfd5 Ra8 37. R1d2 Ra6 38. g4 Re5 39. Kh2 Rxd5 40.
exd5 {Game drawn by mutual agreement} 1/2-1/2

[Event "Team 45 45 League T71"]
[Site "Internet Chess Club"]
[Date "2016.12.20"]
[Round "2"]
[White "bmw2002"]
[Black "clarinetref"]
[Result "0-1"]
[WhiteElo "1493"]
[BlackElo "1599"]
[Opening "English: symmetrical variation"]
[ECO "A37"]
[Time "21:09:52"]
[TimeControl "2700+45"]

1. c4 c5 2. g3 g6 3. Bg2 Bg7 4. Nc3 Nc6 5. Nf3 a6 6. Rb1 e6 7. O-O Nge7 8. a3
O-O 9. d3 d5 10. cxd5 exd5 11. Bg5 h6 12. Bf4 Be6 13. Qc1 Kh7 14. b4 cxb4 15.
axb4 d4 16. Na4 Nd5 17. Bd2 Qe7 18. Nc5 Rac8 19. Qa3 Nc3 20. Bxc3 dxc3 21. Rfc1
Bg4 22. e3 Nxb4 23. Rxb4 Qxc5 24. d4 Qc7 25. Rb3 c2 26. Ne1 Bf5 27. Rxb7 Qc3 28.
Qxa6 Ra8 29. Qc6 Qd2 30. e4 Qxc1 31. exf5 Qxe1+ 32. Bf1 c1=Q 33. fxg6+ fxg6 34.
Qb5 Qxf2+ 35. Kh1 Qcxf1+ 36. Qxf1 Qxf1# {White checkmated} 0-1

[Event "Team 45 45 League T71"]
[Site "Internet Chess Club"]
[Date "2016.12.18"]
[Round "2"]
[White "kutch"]
[Black "Zyme"]
[Result "1-0"]
[WhiteElo "1486"]
[BlackElo "1412"]
[Opening "King's Indian: 5.Nf3"]
[ECO "E90"]
[Time "21:09:22"]
[TimeControl "2700+45"]

1. d4 Nf6 2. c4 g6 3. Nc3 Bg7 4. e4 d6 5. Nf3 O-O 6. h3 e5 7. d5 Na6 8. Be3 b6
9. a3 Nc5 10. Qc2 Ncxe4 11. Nxe4 Bf5 12. Bd3 Nxe4 13. Bxe4 Bxe4 14. Qxe4 f5 15.
Qc2 f4 16. Bd2 Qf6 17. Bc3 {Black resigns} 1-0

[Event "Team 45 45 League T71"]
[Site "Internet Chess Club"]
[Date "2016.12.19"]
[Round "2"]
[White "BrerRabbit"]
[Black "Visin"]
[Result "1/2-1/2"]
[WhiteElo "1408"]
[BlackElo "1220"]
[Opening "Queen's pawn, Mason variation"]
[ECO "D00"]
[Time "10:31:50"]
[TimeControl "2700+45"]

1. d4 d5 2. Bf4 Nf6 3. e3 Nc6 4. c4 a6 5. Nf3 g6 6. Nc3 e6 7. h3 Bd6 8. Bg5 dxc4
9. Bxc4 Be7 10. Bf4 Nd5 11. Bg3 b5 12. Be2 Nxc3 13. bxc3 Bb7 14. O-O Na5 15. Nd2
c5 16. Bf3 Bxf3 17. Qxf3 O-O 18. Be5 f6 19. Bg3 Rc8 20. Rfd1 Qb6 21. Rab1 Nc6
22. c4 Nd8 23. dxc5 Bxc5 24. cxb5 axb5 25. a4 b4 26. Nb3 Nf7 27. Nxc5 Rxc5 28.
Qe4 Rfc8 29. Rxb4 Qa6 30. Qb7 Qxb7 31. Rxb7 e5 32. Rdd7 Rf8 33. Rd1 Rfc8 34. Ra1
R5c7 35. Rxc7 Rxc7 36. f3 Ra7 37. a5 Nd8 38. e4 Nc6 39. Bf2 Rxa5 40. Rxa5 Nxa5
{Game drawn by mutual agreement} 1/2-1/2

[Event "Team 45 45 League T71"]
[Site "Internet Chess Club"]
[Date "2016.12.20"]
[Round "2"]
[White "Aquaman"]
[Black "artspir"]
[Result "1-0"]
[WhiteElo "1322"]
[BlackElo "1157"]
[Opening "Réti: King's Indian attack (Barcza system)"]
[ECO "A07"]
[Time "15:30:46"]
[TimeControl "2700+45"]

1. Nf3 d5 2. g3 c6 3. Bg2 Bf5 4. O-O Nf6 5. d3 e6 6. Nbd2 Be7 7. Re1 O-O 8. c3
Nbd7 9. Qc2 e5 10. e4 Bg6 11. Nh4 Ng4 12. Nxg6 hxg6 13. exd5 cxd5 14. Bxd5 Qb6
15. Rf1 Bc5 16. Ne4 Rad8 17. Nxc5 Nxc5 18. c4 Ne6 19. Qb3 Qc6 20. Bxc6 bxc6 21.
Qd1 f5 22. h3 Nh6 23. Bxh6 gxh6 24. Qe2 e4 25. dxe4 fxe4 26. Qxe4 Rf6 27. Qxc6
h5 28. Rae1 Kf7 29. Rxe6 Rxe6 30. Qc7+ {Black resigns} 1-0

[Event "Team 45 45 League T71"]
[Site "Internet Chess Club"]
[Date "2016.12.17"]
[Round "2"]
[White "yuanbao2007"]
[Black "drsigmund1"]
[Result "1-0"]
[WhiteElo "1164"]
[BlackElo "1442"]
[Opening "French: Winawer (Nimzovich) variation"]
[ECO "C15"]
[Time "17:00:15"]
[TimeControl "2700+45"]

1. e4 e6 2. d4 d5 3. Nc3 Bb4 4. exd5 exd5 5. Bd2 Nf6 6. Nf3 O-O 7. Bd3 Re8+ 8.
Ne2 Bxd2+ 9. Qxd2 Bg4 10. Qf4 Nc6 11. O-O-O Nb4 12. Rhe1 Nxa2+ 13. Kb1 Nb4 14.
h3 Bh5 15. g4 Nxd3 16. Rxd3 Bg6 17. Rc3 c6 18. h4 Ne4 19. Re3 h6 20. h5 Bh7 21.
Ng3 Qd7 22. Ne5 Qe6 23. f3 Qf6 24. Qxf6 Nxf6 25. f4 Ne4 26. Nxe4 Bxe4 27. g5
hxg5 28. fxg5 c5 29. Nf3 Rac8 30. h6 gxh6 31. gxh6 cxd4 32. Nxd4 Kh7 33. Rg1
Rxc2 34. Rxe4 Rxb2+ 35. Kxb2 Rxe4 36. Nf5 Rf4 37. Rg7+ Kh8 38. Nd6 {Black
resigns} 1-0

[Event "Team 45 45 League T71"]
[Site "Internet Chess Club"]
[Date "2016.12.17"]
[Round "2"]
[White "dabodhi"]
[Black "Uku"]
[Result "1/2-1/2"]
[WhiteElo "1349"]
[BlackElo "1248"]
[Opening "Scotch gambit"]
[ECO "C44"]
[Time "20:03:02"]
[TimeControl "2700+45"]

1. e4 e5 2. Nf3 Nc6 3. d4 exd4 4. Bc4 d6 5. O-O Ne5 6. Bb3 Bg4 7. Re1 Nxf3+ 8.
gxf3 Bh3 9. f4 Be7 10. Qh5 Be6 11. Bxe6 g6 12. Bxf7+ Kxf7 13. Qd5+ Kf8 14. Qxd4
Nf6 15. Nc3 Kf7 16. Kh1 Rf8 17. Rg1 Kg8 18. f5 Kf7 19. Bh6 c5 20. Qc4+ Ke8 21.
Bxf8 Kxf8 22. fxg6 hxg6 23. Rxg6 Qe8 24. Nd5 Qxg6 25. Rg1 Qf7 26. Qd3 Nxd5 27.
exd5 Rc8 28. c4 Rc7 29. Qh3 Bf6 30. Qg3 Be5 31. Qg5 Bxh2 32. Qh6+ Ke8 33. Qxh2
Qf3+ 34. Rg2 Rg7 35. Qh8+ Kf7 36. Qxg7+ Ke8 37. Qg6+ Kd8 38. Qxd6+ Ke8 39. Kg1
Qd1+ 40. Kh2 Qh5+ 41. Kg1 Qd1+ 42. Kh2 Qh5+ 43. Kg1 Qd1+ 44. Kh2 Qh5+ 45. Kg1
Qd1+ 46. Kh2 Qh5+ 47. Kg1 Qd1+ {Game drawn by repetition} 1/2-1/2

[Event "Team 45 45 League T71"]
[Site "Internet Chess Club"]
[Date "2016.12.16"]
[Round "2"]
[White "vedv"]
[Black "Just-Jim"]
[Result "0-1"]
[WhiteElo "966"]
[BlackElo "1265"]
[Opening "Philidor's defense"]
[ECO "C41"]
[Time "16:35:47"]
[TimeControl "2700+45"]

1. e4 e5 2. Nf3 d6 3. Nc3 Be7 4. Bc4 h6 5. O-O Nf6 6. Re1 Be6 7. Bb3 Bxb3 8.
axb3 O-O 9. Ra4 Na6 10. d4 exd4 11. Qxd4 Nc5 12. Rc4 c6 13. b4 Ne6 14. Qe3 d5
15. Rd1 Qb6 16. Qxb6 axb6 17. exd5 cxd5 18. Nxd5 Nxd5 19. Rxd5 Rac8 20. Rxc8
Rxc8 21. c3 Bxb4 22. Bd2 Bf8 23. Ne5 Ra8 24. Kf1 Ra1+ 25. Ke2 Ra2 26. b4 Nf4+
27. Ke3 Nxd5+ 28. Ke2 Nxc3+ 29. Kd3 Nb1 30. Bf4 Rxf2 31. Be3 Rxg2 32. Bxb6 Rxh2
33. Kd4 Bxb4 34. Kc4 Rh4+ 35. Bd4 Bd6 36. Nd7 Nd2+ 37. Kd5 b5 38. Kxd6 Rxd4+ 39.
Kc6 b4 40. Nc5 b3 41. Nxb3 Nxb3 42. Kc7 f5 43. Kc6 f4 44. Kc7 f3 45. Kc6 f2 46.
Kc7 f1=Q 47. Kc6 Qc1+ 48. Kb6 Rb4+ 49. Ka6 Qa1# {White checkmated} 0-1

[Event "Team 45 45 League T71"]
[Site "Internet Chess Club"]
[Date "2016.12.14"]
[Round "2"]
[White "Xbug"]
[Black "Rbug"]
[Result "0-1"]
[WhiteElo "1073"]
[BlackElo "1077"]
[Opening "QGD Slav defense: exchange variation"]
[ECO "D13"]
[Time "18:30:30"]
[TimeControl "2700+45"]

1. d4 d5 2. c4 c6 3. cxd5 cxd5 4. Nc3 Nf6 5. Nf3 Nc6 6. Bg5 Bg4 7. Bxf6 Bxf3 8.
Bxe7 Bxe2 9. Bxd8 Bxd1 10. Rxd1 Rxd8 11. Bb5 Bb4 12. O-O O-O 13. a3 a6 14. Bxa6
Bxc3 15. bxc3 bxa6 16. Rb1 Na5 17. Rb3 Nc4 18. Rfb1 Nd2 19. R3b2 Nxb1 20. Rxb1
h6 21. h3 Rc8 22. Rc1 Rc4 23. Kh2 Rfc8 24. a4 Rxa4 25. c4 Raxc4 26. Rxc4 Rxc4
27. Kg3 Rxd4 28. Kh2 a5 29. Kg3 a4 30. Kh2 a3 31. Kg3 a2 32. Kh2 a1=Q 33. Kg3 h5
34. Kh2 Rd2 35. h4 Qe5+ 36. Kh3 Rxf2 37. g3 Rf3 38. Kg2 Qxg3+ 39. Kh1 Rf1#
{White checkmated} 0-1

[Event "Team 45 45 League T71"]
[Site "Internet Chess Club"]
[Date "2016.12.20"]
[Round "2"]
[White "mongmong"]
[Black "rkjulianjr"]
[Result "1-0"]
[WhiteElo "1479"]
[BlackElo "1350"]
[Opening "Colle system"]
[ECO "D05"]
[Time "18:00:39"]
[TimeControl "2700+45"]

1. d4 d5 2. Nf3 Nf6 3. e3 e6 4. Bd3 c5 5. c3 Nc6 6. Nbd2 Bd6 7. Qe2 Qc7 8. O-O
O-O 9. dxc5 Bxc5 10. e4 h6 11. exd5 exd5 12. Qd1 Ng4 13. h3 Ne3 14. fxe3 Bxe3+
15. Kh1 Qg3 16. Nb3 Bxh3 17. gxh3 Qxh3+ 18. Nh2 Rfe8 19. Qf3 Qe6 20. Bxe3 Ne5
21. Qf5 Nxd3 22. Qxd3 Qh3 23. Qf5 Qxe3 24. Qf3 Qe6 25. Nd4 Qg6 26. Rg1 Qd6 27.
Qg3 Qxg3 28. Rxg3 Re7 29. Ng4 Kh8 30. Re3 Re4 31. Rxe4 dxe4 32. Ne5 Kg8 33. Re1
f6 34. Nc4 Re8 35. Nb5 a6 36. Nbd6 Re6 37. Rxe4 Rxe4 38. Nxe4 Kf7 39. Ned6+ Ke6
40. Nxb7 Kd5 41. Nd2 Ke5 42. Nc5 a5 43. Nb7 a4 44. Nc5 a3 45. bxa3 Kd5 46. Ncb3
Kc6 47. a4 Kb6 48. a5+ Ka6 49. Kg2 Kb7 50. Kg3 Kc6 51. Kf4 g6 52. Ne4 f5 53. Ng3
Kb5 54. Nxf5 gxf5 55. Kxf5 h5 56. Kg5 h4 57. Kxh4 Ka6 58. Kg4 Kb5 59. Kf4 {Black
resigns} 1-0

[Event "Team 45 45 League T71"]
[Site "Internet Chess Club"]
[Date "2016.12.18"]
[Round "2"]
[White "stantheman59"]
[Black "tasawyer81"]
[Result "1-0"]
[WhiteElo "1236"]
[BlackElo "1147"]
[Opening "English: Sicilian reversed"]
[ECO "A25"]
[Time "11:02:26"]
[TimeControl "2700+45"]

1. c4 e5 2. Nc3 Nc6 3. g3 Nf6 4. Bg2 Bc5 5. e4 O-O 6. Nge2 d6 7. h3 Be6 8. d3
Nb4 9. a3 Nc6 10. b4 Bd4 11. O-O Qd7 12. Kh2 h6 13. Be3 Bxe3 14. fxe3 Ne7 15.
Ng1 Ng6 16. Nd5 Nxd5 17. cxd5 Qe7 18. dxe6 fxe6 19. Rxf8+ Rxf8 20. Qg4 Qf6 21.
Rf1 {Black resigns} 1-0

[Event "Team 45 45 League T71"]
[Site "Internet Chess Club"]
[Date "2016.12.19"]
[Round "2"]
[White "WzeroMN"]
[Black "chips"]
[Result "0-1"]
[WhiteElo "1163"]
[BlackElo "1193"]
[Opening "Scandinavian (center counter) defense"]
[ECO "B01"]
[Time "12:00:34"]
[TimeControl "2700+45"]

1. e4 d5 2. exd5 Qxd5 3. Nc3 Qe5+ 4. Qe2 Qxe2+ 5. Bxe2 c6 6. Nf3 Bf5 7. d3 Nf6
8. Bf4 h6 9. Nd4 Bh7 10. h3 Nbd7 11. Bg3 e5 12. Nb3 Bb4 13. a3 Bxc3+ 14. bxc3
O-O 15. O-O Rfe8 16. Nd2 Nd5 17. Ne4 Bxe4 18. dxe4 Nxc3 19. Bd1 Nxe4 20. Bh2 Nd2
21. Re1 f6 22. Bg4 Nb6 23. Be2 Ndc4 24. Bxc4+ Nxc4 25. Re4 Nd6 26. Re2 Nf5 27.
g4 Nd4 28. Re3 Nxc2 29. Bxe5 Nxa1 30. Bxa1 Rxe3 31. fxe3 a6 32. Kg2 Kf7 33. Bd4
Ke6 34. Kf3 g6 35. Ke4 f5+ 36. gxf5+ gxf5+ 37. Kf4 b5 38. e4 fxe4 39. Kxe4 Rg8
40. Be5 c5 41. Bb2 Rg3 42. Be5 Rxh3 43. Bb2 c4 44. Bc1 h5 45. Bb2 c3 46. Bxc3
Rxc3 47. Kf4 h4 48. Kg4 h3 49. Kg5 h2 50. Kg6 Rg3+ {White resigns} 0-1

[Event "Team 45 45 League T71"]
[Site "Internet Chess Club"]
[Date "2016.12.18"]
[Round "2"]
[White "Electryon"]
[Black "olivermx"]
[Result "1-0"]
[WhiteElo "1396"]
[BlackElo "1277"]
[Opening "English opening"]
[ECO "A20"]
[Time "18:00:44"]
[TimeControl "2700+45"]

1. c4 e5 2. g3 Bc5 3. Bg2 Nc6 4. e3 Nf6 5. Ne2 d6 6. h3 Be6 7. b3 O-O 8. O-O Qd7
9. Kh2 d5 10. d4 exd4 11. exd4 Be7 12. cxd5 Bxd5 13. Nbc3 Bxg2 14. Kxg2 a6 15.
Be3 Rad8 16. a3 b5 17. b4 Rfe8 18. Qc2 Qe6 19. Nf4 Qd7 20. Nce2 Bd6 21. Rfd1
Bxf4 22. Nxf4 Nd5 23. Nxd5 Qxd5+ 24. Kh2 Qe4 25. Rac1 Nxd4 26. Qxe4 Rxe4 27.
Rxc7 h6 28. Rxd4 Rdxd4 29. Bxd4 Rxd4 30. Rc6 Rd2 31. Kg2 Ra2 32. Rxa6 g6 33. Kf3
Kg7 34. h4 g5 35. hxg5 hxg5 36. g4 f6 37. Kg3 Kg6 38. f4 gxf4+ 39. Kxf4 Kf7 40.
Ra5 Kg6 41. Rxb5 Rxa3 42. g5 fxg5+ 43. Rxg5+ Kf6 44. Rb5 Rb3 45. Rb6+ Ke7 46.
Ke5 Re3+ 47. Kd5 Rd3+ 48. Kc4 Rf3 49. Kc5 Rf5+ 50. Kc6 Rf6+ 51. Kc7 Rf4 52. b5
Rc4+ 53. Rc6 Rb4 54. b6 Rxb6 55. Rxb6 Kf7 56. Kd7 Kg7 57. Ke7 Kh7 58. Kf7 {Black
resigns} 1-0

[Event "Team 45 45 League T71"]
[Site "Internet Chess Club"]
[Date "2016.12.17"]
[Round "2"]
[White "SeniorCitizen"]
[Black "Aquaman"]
[Result "0-1"]
[WhiteElo "1230"]
[BlackElo "1312"]
[Opening "Robatsch (modern) defense"]
[ECO "B06"]
[Time "14:30:31"]
[TimeControl "2700+45"]

1. e4 g6 2. d4 d6 3. Nf3 c6 4. Be2 Bg7 5. O-O Nd7 6. e5 dxe5 7. dxe5 Bxe5 8.
Nxe5 Nxe5 9. Qxd8+ Kxd8 10. Bf4 Nd7 11. Nc3 e5 12. Be3 f5 13. f3 f4 14. Bf2 Ngf6
15. Rad1 Ke7 16. Bh4 Kf7 17. Bc4+ Kg7 18. Be6 Nc5 19. Bxc8 Raxc8 20. Bxf6+ Kxf6
21. Ne4+ Nxe4 22. fxe4 Ke7 23. Rf2 Rcd8 24. Rfd2 g5 25. Kf2 h5 26. g3 fxg3+ 27.
hxg3 g4 28. Kg2 Rxd2+ 29. Rxd2 Rd8 30. Re2 b5 31. b3 a5 32. Kf2 b4 33. Ke1 c5
34. Rh2 Rh8 35. Ke2 Kd6 36. Kd3 Kc6 37. c4 Kd6 38. Ke3 Ke6 39. Rh4 Kf6 40. Rh2
Kg5 41. Ke2 h4 42. gxh4+ Rxh4 43. Rg2 Kf4 {White resigns} 0-1

[Event "Team 45 45 League T71"]
[Site "Internet Chess Club"]
[Date "2016.12.18"]
[Round "2"]
[White "oldbookseller"]
[Black "artspir"]
[Result "0-1"]
[WhiteElo "942"]
[BlackElo "1167"]
[Opening "Queen's pawn game"]
[ECO "D02"]
[Time "09:00:44"]
[TimeControl "2700+45"]

1. d4 d5 2. Nf3 c6 3. e3 Bf5 4. Nbd2 e6 5. c4 Nf6 6. Be2 Bd6 7. c5 Bc7 8. Ne5
Nbd7 9. Ndf3 O-O 10. O-O Ne4 11. Nxd7 Qxd7 12. Bd3 Qe7 13. Qb3 b6 14. Ba6 bxc5
15. Bb7 Rab8 16. Ne5 Bxe5 17. dxe5 Rxb7 18. Qa4 Qc7 19. Rd1 Rc8 20. Bd2 Qxe5 21.
Qa3 Rxb2 22. f4 Qf6 23. Qxa7 Rxd2 24. Qd7 Rf8 25. a4 Qg6 26. g3 Qg4 27. Rdb1 Qe2
28. Qc7 Qg2# {White checkmated} 0-1

[Event "Team 45 45 League T71"]
[Site "Internet Chess Club"]
[Date "2016.12.18"]
[Round "2"]
[White "bobhill"]
[Black "Agarnez"]
[Result "0-1"]
[WhiteElo "1872"]
[BlackElo "1986"]
[Opening "Queen's bishop game"]
[ECO "D02"]
[Time "14:01:52"]
[TimeControl "2700+45"]

1. d4 d5 2. Nf3 Nf6 3. Bf4 c5 4. e3 Nc6 5. c3 Qb6 6. Qb3 c4 7. Qxb6 axb6 8. Na3
Na7 9. Be2 Bf5 10. O-O e6 11. Nh4 Bxa3 12. Nxf5 exf5 13. bxa3 Nb5 14. Be5 Nxc3
15. Bf3 Nfe4 16. Bxg7 Rg8 17. Bxe4 fxe4 18. Be5 Rxa3 19. Kh1 Ke7 20. Bc7 Rga8
21. Bxb6 Rxa2 22. Rac1 Na4 23. Bc7 Nb2 24. Bg3 b5 25. f3 Nd3 26. Rb1 b4 27. fxe4
dxe4 28. Bh4+ Ke8 29. h3 c3 30. Rf5 Ra1 31. Rxa1 Rxa1+ 32. Kh2 c2 33. Rd5 Ra8
34. Rg5 Kd7 35. Rf5 c1=Q 36. Rxf7+ Kc6 37. Bg3 Rc8 38. d5+ Kxd5 39. Rd7+ Kc5 40.
Rxh7 Qxe3 41. h4 Kb5 42. h5 Rc2 43. Rb7+ Ka4 44. Kh3 Nf4+ 45. Kg4 Rxg2 46. Kf5
Rxg3 47. h6 Nd3 48. h7 Qf4+ 49. Ke6 Qe5+ 50. Kd7 Rg7+ 51. Kc6 Qc5# {White
checkmated} 0-1

[Event "Team 45 45 League T71"]
[Site "Internet Chess Club"]
[Date "2016.12.21"]
[Round "2"]
[White "roji"]
[Black "Beetlejuice"]
[Result "1-0"]
[WhiteElo "1906"]
[BlackElo "1752"]
[Opening "Dutch"]
[ECO "A80"]
[Time "16:05:41"]
[TimeControl "2700+45"]

1. d4 f5 2. Bf4 Nf6 3. e3 g6 4. h4 h6 5. Qf3 d6 6. Bc4 e6 7. Nc3 Qe7 8. O-O-O
Nbd7 9. Nge2 e5 10. Bh2 c6 11. e4 b5 12. exf5 bxc4 13. Qxc6 Rb8 14. fxg6 Rg8 15.
h5 Nxh5 16. Nd5 Qg5+ 17. f4 exf4 18. Nexf4 Rxg6 19. Kb1 Nxf4 20. Bxf4 Bb7 21.
Rde1+ Kf7 22. Qxd7+ {Black resigns} 1-0

[Event "Team 45 45 League T71"]
[Site "Internet Chess Club"]
[Date "2016.12.15"]
[Round "2"]
[White "edelgado"]
[Black "ChessRooklift"]
[Result "0-1"]
[WhiteElo "1523"]
[BlackElo "1770"]
[Opening "Sicilian: closed"]
[ECO "B24"]
[Time "19:03:20"]
[TimeControl "2700+45"]

1. e4 c5 2. Nc3 Nc6 3. g3 g6 4. Bg2 Bg7 5. d3 Nf6 6. Be3 d6 7. h3 Rb8 8. Nge2
Bd7 9. Qd2 h6 10. O-O b5 11. Rab1 Qc8 12. Kh2 b4 13. Nd5 h5 14. f4 e6 15. Nxf6+
Bxf6 16. e5 Be7 17. exd6 Bxd6 18. d4 Ne7 19. dxc5 Bxc5 20. Bd4 Bxd4 21. Qxd4 O-O
22. Qxa7 Nf5 23. Rfd1 Bc6 24. Qf2 Bxg2 25. Kxg2 Qxc2 26. Kh2 Rfd8 27. Rdc1 Qe4
28. Qg2 Qe3 29. Rd1 Rd2 30. Rxd2 Qxd2 31. Ng1 Qd3 32. Re1 Rc8 33. Re2 Kg7 34.
Rd2 Qb1 35. a3 Ne3 36. Qe2 Nf1+ 37. Kg2 Nxd2 38. Qxd2 Rc2 {White resigns} 0-1

[Event "Team 45 45 League T71"]
[Site "Internet Chess Club"]
[Date "2016.12.19"]
[Round "2"]
[White "timothysmall56"]
[Black "ascoli"]
[Result "1-0"]
[WhiteElo "1707"]
[BlackElo "1576"]
[Opening "Sicilian: Canal-Sokolsky attack, 3...Bd7"]
[ECO "B52"]
[Time "11:12:38"]
[TimeControl "2700+45"]

1. e4 c5 2. Nf3 d6 3. Bb5+ Bd7 4. Bxd7+ Qxd7 5. O-O Nf6 6. e5 Nd5 7. exd6 exd6
8. Re1+ Be7 9. d4 O-O 10. dxc5 dxc5 11. Ne5 Qd8 12. a3 Re8 13. c4 Nf6 14. Qf3
Bd6 15. Nd3 Rxe1+ 16. Nxe1 Nc6 17. Be3 Qc7 18. g3 Ne5 19. Qe2 Nfg4 20. Nc3 Nxe3
21. fxe3 Re8 22. Nb5 Qb8 23. Rd1 Be7 24. Nf3 Nxf3+ 25. Qxf3 Bg5 26. e4 Qe5 27.
Nc3 Rd8 28. Rxd8+ Bxd8 29. Qd3 Qd4+ 30. Qxd4 cxd4 31. Nb5 Bf6 32. Kf1 a6 33. Nd6
d3 34. b3 b6 35. a4 a5 36. Nb5 Kf8 37. Ke1 Bg5 38. Nc3 Be3 39. Nd5 Bg1 40. h3
Ke8 41. Kd2 Kd7 42. Kxd3 Kd6 43. b4 axb4 44. Nxb4 Bc5 45. Na6 Bf2 46. g4 f6 47.
Nb4 Bc5 48. Nc2 g5 49. Ne3 Bxe3 50. Kxe3 Ke5 51. Kd3 Kd6 52. Kd4 h6 53. c5+
bxc5+ 54. Kc4 Kc6 55. a5 Kd6 56. a6 Kc6 57. a7 Kb7 58. Kxc5 Kxa7 59. Kd5 Kb7 60.
Ke6 Kc6 61. Kxf6 Kd6 62. e5+ Kd7 63. Kf7 {Black resigns} 1-0

[Event "Team 45 45 League T71"]
[Site "Internet Chess Club"]
[Date "2016.12.17"]
[Round "2"]
[White "passedpawn"]
[Black "Percival"]
[Result "0-1"]
[WhiteElo "1843"]
[BlackElo "2107"]
[Opening "Queen's bishop game"]
[ECO "D02"]
[Time "19:05:35"]
[TimeControl "2700+45"]

1. d4 d5 2. Nf3 Nf6 3. Bf4 c6 4. e3 Bg4 5. Be2 Nbd7 6. O-O e6 7. c4 dxc4 8. Bxc4
Nh5 9. Bg3 Nxg3 10. hxg3 Be7 11. Nbd2 O-O 12. Rc1 Qb6 13. Qb3 Rfd8 14. Qxb6 axb6
15. a3 b5 16. Bd3 Bf6 17. Ne4 Be7 18. Ned2 Bxf3 19. Nxf3 Bf6 20. Rc2 Nb6 21. Be2
Nd5 22. Rd1 Rd7 23. Nd2 g6 24. Ne4 Be7 25. Nc5 Bxc5 26. Rxc5 Kf8 27. Bf3 Ke7 28.
Bxd5 Rxd5 29. Rxd5 exd5 30. Kf1 Kd6 31. Ke2 h5 32. Kd2 b6 33. Kc2 f5 34. Rd3 c5
35. Rd1 Ra4 36. Kb3 Rc4 37. f3 Kc6 38. dxc5 bxc5 39. f4 Re4 40. Rd3 c4+ {White
resigns} 0-1

[Event "Team 45 45 League T71"]
[Site "Internet Chess Club"]
[Date "2016.12.19"]
[Round "2"]
[White "LinceHispano44"]
[Black "backrankbrawler"]
[Result "1-0"]
[WhiteElo "1810"]
[BlackElo "1727"]
[Opening "English opening"]
[ECO "A05"]
[Time "10:01:22"]
[TimeControl "2700+45"]

1. Nf3 Nf6 2. c4 e6 3. Nc3 d5 4. cxd5 exd5 5. d4 c6 6. Bg5 Nbd7 7. e3 Be7 8. Bd3
O-O 9. O-O Re8 10. Qc2 Nf8 11. Bxf6 Bxf6 12. b4 Be7 13. Rab1 Bd6 14. Rfc1 a6 15.
a4 Ng6 16. b5 axb5 17. axb5 Bd7 18. bxc6 bxc6 19. Na4 Rb8 20. Rxb8 Qxb8 21. Nc5
Bxc5 22. Qxc5 Rc8 23. h3 f6 24. Rb1 Qc7 25. Rc1 Kf7 26. Ba6 Ra8 27. Qxd5+ cxd5
28. Rxc7 Rxa6 29. Rxd7+ Ne7 30. g4 h6 31. Nh4 Ke6 32. Rb7 g5 33. Nf3 Ra1+ 34.
Kg2 Ra8 35. Nd2 f5 36. Rb6+ Kf7 37. Rxh6 fxg4 38. hxg4 Ng6 39. Nf3 Kg7 40. Rh5
Kf6 41. Nxg5 Rg8 42. f4 Re8 43. Kf3 Ne7 44. Rh6+ Kg7 45. Re6 Kf8 46. f5 Rd8 47.
Kf4 Rd7 48. Nf3 Kf7 49. Ne5+ {Black resigns} 1-0

[Event "Team 45 45 League T71"]
[Site "Internet Chess Club"]
[Date "2016.12.15"]
[Round "2"]
[White "kaiclc"]
[Black "Rhel"]
[Result "1/2-1/2"]
[WhiteElo "1326"]
[BlackElo "1728"]
[Opening "Scandinavian: Pytel-Wade variation"]
[ECO "B01"]
[Time "17:45:36"]
[TimeControl "2700+45"]

1. e4 d5 2. exd5 Qxd5 3. Nc3 Qd6 4. d4 Nf6 5. Bc4 c6 6. Nf3 Bg4 7. h3 Bxf3 8.
Qxf3 Qxd4 9. Bb3 e6 10. Be3 Qd8 11. Rd1 Nbd7 12. O-O Qc7 13. Rfe1 Bb4 14. Bf4
Qc8 15. a3 Be7 16. Ne4 Nxe4 17. Qxe4 Nc5 18. Qd4 O-O 19. Ba2 Rd8 20. Qe3 Rxd1
21. Rxd1 Qe8 22. b4 Na4 23. c4 Nb6 24. Be5 Rd8 25. Rxd8 Qxd8 26. Qd4 Qxd4 27.
Bxd4 Bf6 28. Be3 Bb2 29. Bxb6 axb6 30. a4 Ba3 31. b5 Bc5 32. Bb1 f5 33. Bd3 Kf7
34. Be2 Ke7 35. Bf3 Kd6 36. Kf1 e5 {Game drawn by mutual agreement} 1/2-1/2

[Event "Team 45 45 League T71"]
[Site "Internet Chess Club"]
[Date "2016.12.22"]
[Round "2"]
[White "KidRattler"]
[Black "cayo89"]
[Result "1-0"]
[WhiteElo "1577"]
[BlackElo "1633"]
[Opening "Caro-Kann: two knights variation"]
[ECO "B10"]
[Time "16:05:03"]
[TimeControl "2700+45"]

1. e4 c6 2. Nf3 d5 3. Nc3 d4 4. Ne2 c5 5. c3 Nc6 6. d3 e5 7. cxd4 cxd4 8. Ng3
Nf6 9. Bg5 h6 10. Bxf6 Qxf6 11. Qa4 Bb4+ 12. Kd1 O-O 13. a3 Ba5 14. b4 Bb6 15.
Be2 Qd6 16. Nd2 Be6 17. Rc1 Rac8 18. f3 Ne7 19. Rxc8 Rxc8 20. Ke1 Qc7 21. Kf2
Qc2 22. Qxc2 Rxc2 23. Rd1 a6 24. Ngf1 Bc7 25. g4 Ng6 26. Nb1 Nf4 27. Rd2 Rc1 28.
Rd1 Rxd1 29. Bxd1 Nxd3+ 30. Ke2 Nf4+ 31. Kd2 Bc4 32. Ng3 g6 33. Be2 b5 34. Bxc4
bxc4 35. a4 Bd6 36. b5 axb5 37. axb5 Kf8 38. b6 Ke8 39. b7 Kd7 40. Na3 c3+ 41.
Kc2 Kc7 42. Nb5+ Kxb7 43. Nxd6+ Kc6 44. Nxf7 {Black resigns} 1-0